 Dungeon Crawl Stone Soup version 0.30-a0-760-g5a9884bb7c (console) character file.

Game seed: 8059412320300697201

1589040 Banquo the Spry (level 27, 228/228 HPs)
             Began as a Djinni Air Elementalist on Feb 11, 2023.
             Was a High Priest of Ashenzari.
             Escaped with the Orb
             ... and 3 runes on Feb 17, 2023!
             The game lasted 09:13:44 (78772 turns).

Banquo the Spry (Djinni Air Elementalist)          Turns: 78772, Time: 09:13:45

Health: 228/228    AC: 17    Str:  4    XL:     27
Gold:   513        EV: 26    Int: 32    God:    Ashenzari [*****.] SH: 31 Dex: 18

rFire   + + +      SeeInvis +    a - +18 lance {slay drac, rPois rF+ rC+ AC+3}
rCold   + + .      Faith    .    i - +6 tower shield of the Fated Soothsayer {Melee, Self} (curse)
rNeg    . . .      Spirit   .    d - +4 troll leather armour "Ruined Gnosis" {Regen+, Fort, Cun} (curse)
rPois   ∞          Reflect  .    h - +2 hat of Apeoromancy {Will+, Self, Fort} (curse)
rElec   +          Harm     .    e - scarf of Ashenzari's Annoyance {rC+ rF+, Self, Cun} (curse)
rCorr   .          Rampage  .    g - +0 pair of gloves of the Wild Blue Yonder {rElec rPois Dex+4, Cun, Self} (curse)
Will    ++++.      Clarity  +    (boots unavailable)
Stlth   ++                       u - amulet "Chained Dissatisfaction" {Acrobat Will+ Regen+, Self, Evo} (curse)
HPRegen 2.18/turn                C - ring "Oracular Malaise" {rC+, Self, Fort} (curse)
MPRegen 0.00/turn                W - ring of Ashenzari's Planets {Wiz, Cun, Melee} (curse)

@: flying, studying 2 skills
A: sickness immunity, fire resistance 2, cold vulnerability 1, float, innate
caster, HP casting, extra vitality 1, clever 1, clumsy 1, weak 1
0: Orb of Zot
}: 3/15 runes: decaying, serpentine, silver
a: Renounce Religion, Curse Item, Shatter the Chains


You escaped.
You worshipped Ashenzari.
Ashenzari was extremely pleased with you.
You visited 12 branches of the dungeon, and saw 56 of its levels.
You visited 2 bazaars.
You also visited: Trove, Sewer, Ice Cave and Desolation.

You collected 7302 gold pieces.
You spent 6789 gold pieces at shops.

Inventory:

Hand Weapons
 a - the +18 lance "Wyrmbane" (weapon) {slay drac, rPois rF+ rC+ AC+3}
   (You found it on level 5 of the Vaults)

   AC:        It affects your AC (+3).
   rF:        It protects you from fire.
   rC:        It protects you from cold.
   rPois:     It protects you from poison.
 p - a +2 long sword of holy wrath
 G - the +1 falchion of Truncation {freeze, MP+9 Int+2}
   (You found it on level 5 of the Vaults)

   Int:       It affects your intelligence (+2).
   MP:        It affects your magic capacity (+9).
Missiles
 j - 3 throwing nets
Armour
 d - the cursed +4 troll leather armour "Ruined Gnosis" (worn) {Regen+, Fort, Cun}
   (You found it on level 1 of the Depths)

   Regen:     It increases your rate of health regeneration.
   It has a curse which improves the following skills: Fortitude: Armour and
   Shields.
   Cunning:   Dodging and Stealth.
 e - the cursed scarf of Ashenzari's Annoyance (worn) {rC+ rF+, Self, Cun}
   (You bought it in a shop on level 4 of the Snake Pit)

   It has a curse which improves the following skills: Introspection: Fighting
   and Spellcasting.
   Cunning:   Dodging and Stealth.
 g - the cursed +0 pair of gloves of the Wild Blue Yonder (worn) {rElec rPois Dex+4, Cun, Self}
   (You found it on level 3 of the Elven Halls)

   Dex:       It affects your dexterity (+4).
   rElec:     It insulates you from electricity.
   rPois:     It protects you from poison.
   It has a curse which improves the following skills: Cunning: Dodging and
   Stealth.
   Introspection: Fighting and Spellcasting.
 h - the cursed +2 hat of Apeoromancy (worn) {Will+, Self, Fort}
   (You took it off Gastronok on level 3 of the Lair of Beasts)

   It has a curse which improves the following skills: Introspection: Fighting
   and Spellcasting.
   Fortitude: Armour and Shields.
 i - the cursed +6 tower shield of the Fated Soothsayer (worn) {Melee, Self}
   (You found it on level 11 of the Dungeon)

   It has a curse which improves the following skills: Melee Combat: Short
   Blades, Long Blades, Axes, Maces & Flails, Polearms, Staves and Unarmed
   Combat.
   Introspection: Fighting and Spellcasting.
 A - the +0 hat "Ugipoiff" {Regen+ Str+6 Slay-6}
   (You found it on level 3 of the Realm of Zot)

   Str:       It affects your strength (+6).
   Slay:      It affects your accuracy & damage with ranged weapons and melee
   (-6).
   Regen:     It increases your rate of health regeneration.
Jewellery
 u - the cursed amulet "Chained Dissatisfaction" (around neck) {Acrobat Will+ Regen+, Self, Evo}
   (You acquired it on level 3 of the Snake Pit)

   [amulet of the acrobat]

   It increases your evasion while moving and waiting.
   Regen:     It increases your rate of health regeneration.
   Will:      It increases your willpower.
   It has a curse which improves the following skills: Introspection: Fighting
   and Spellcasting.
   Evocations: Evocations.
 C - the cursed ring "Oracular Malaise" (left hand) {rC+, Self, Fort}
   (You bought it in a shop in a bazaar)

   [ring of protection from cold]

   rC:        It protects you from cold.
   It has a curse which improves the following skills: Introspection: Fighting
   and Spellcasting.
   Fortitude: Armour and Shields.
 L - a ring of wizardry
 W - the cursed ring of Ashenzari's Planets (right hand) {Wiz, Cun, Melee}
   (You found it on level 3 of the Elven Halls)

   [ring of wizardry]

   It improves your spell success rate.
   It has a curse which improves the following skills: Cunning: Dodging and
   Stealth.
   Melee Combat: Short Blades, Long Blades, Axes, Maces & Flails, Polearms,
   Staves and Unarmed Combat.
Wands
 b - a wand of polymorph (5)
 n - a wand of flame (9)
 x - a wand of iceblast (45)
 D - a wand of digging (14)
 J - a wand of light (29)
 O - a wand of mindburst (20)
 P - a wand of charming (4)
Scrolls
 c - 4 scrolls of poison
 l - 9 scrolls of summoning
 m - a scroll of magic mapping
 o - 8 scrolls of noise
 q - 12 scrolls of fear
 t - 5 scrolls of blinking
 y - 14 scrolls of enchant weapon
 z - 10 scrolls of fog
 F - 26 scrolls of teleportation
 H - a scroll of enchant armour
 N - 3 scrolls of silence
Potions
 k - 30 potions of curing
 s - 3 potions of berserk rage
 v - 10 potions of might
 w - 8 potions of mutation
 B - 18 potions of brilliance
 E - 7 potions of ambrosia
 K - 6 potions of invisibility
 Q - 17 potions of heal wounds
 R - 14 potions of cancellation
 U - 10 potions of haste
 V - 6 potions of resistance
Miscellaneous
 f - a condenser vane
 r - a box of beasts
 I - a phial of floods
 M - a phantom mirror


   Skills:
 - Level 20.0(27) Fighting
 - Level 10.0(15.1) Short Blades
 - Level 11.4(16.0) Long Blades
 + Level 17.4(20.7) Polearms
 - Level 12.2(16.7) Armour
 - Level 20.9(26.0) Dodging
 - Level 9.0(14.4) Stealth
 - Level 20.8(25.0) Shields
 - Level 20.0(27) Spellcasting
 - Level 10.0(12.3) Evocations


You couldn't memorise any spells.
You knew the following spells:

 Your Spells              Type           Power      Damage    Failure   Level
a - Shock                 Conj/Air       100%       1d9       0%          1
b - Iskenderun's Battles  Conj           100%       2d15      0%          5
c - Disjunction           Tloc           60%        N/A       1%          8
d - Static Discharge      Conj/Air       100%       2-7/arc   0%          2
e - Enfeeble              Hex            60%        N/A       0%          7
f - Airstrike             Air            60%        2d(9-25)  0%          4
g - Summon Cactus Giant   Summ           60%        N/A       0%          6
h - Summon Hydra          Summ           60%        N/A       0%          7
i - Ice Form              Ice/Tmut       100%       N/A       0%          4
r - Searing Ray           Conj           100%       2d8       0%          2
s - Shatter               Erth           60%        3d45*     1%          9
y - Yara's Violent Unrav  Hex/Tmut       60%        3d23      0%          5
z - Freeze                Ice            100%       1d10      0%          1
D - Discord               Hex            60%        N/A       1%          8
K - Wereblood             Tmut           100%       N/A       0%          2
L - Storm Form            Tmut/Air       60%        N/A       0%          7
M - Swiftness             Air            100%       N/A       0%          3
Your spell library was empty.

Dungeon Overview and Level Annotations

Branches:
Dungeon (15/15)            Temple (0/1) D:5            Lair (5/5) D:11
  Swamp (4/4) Lair:3        Snake (4/4) Lair:2        Slime (5/5) Lair:4
    Orc (2/2) D:12            Elf (3/3) Orc:2        Vaults (5/5) D:13
  Crypt (3/3) Vaults:2       Tomb (0/3) Crypt:3      Depths (4/4) D:15
   Hell (visited)             Zot (5/5) Depths:4      Sewer (visited)
  IceCv (visited)         Desolation (visited)
    Dis: Hell:1         Geh: Hell:1         Coc: Hell:1         Tar: Hell:1

Altars:
Ashenzari
Cheibriados
Dithmenos
Elyvilon
Hepliaklqana
Nemelex Xobeh
Qazlal
Trog
Xom
Yredelemnul
The Shining One
Jiyva

Shops:
Orc:1 (   Orc:2 !(**   Elf:3 *:(?   Snake:1 !([   Snake:4 [   Vaults:3 *=*
Vaults:4 *   Depths:3 :   Depths:4 ::=

Portals:
Hell: Depths:1 Depths:2 Depths:3 Depths:4
Abyss: Depths:2 Depths:3
Pandemonium: Depths:1 Depths:2
Ziggurat: Depths:2

Annotations:
Slime:5 Royal Jelly
Elf:2 3 runed translucent doors


Innate Abilities, Weirdness & Mutations

You are immune to sickness and miasma.
You are immune to poison.
Your flesh is very heat resistant. (rF++)
You are vulnerable to cold. (rC-)
You float through the air rather than walking.
You learn spells naturally, not from books.
Your magical power is your life essence.
You have superior vitality. (+4 MHP)
Your mind is acute. (Int +4, Str/Dex -1)
You are clumsy. (Dex -2)
You are weak. (Str -2)


Message History

The balrug dies!
The sun demon barely misses the sun demon.
The sun demon misses the sun demon.
You feel a bit more experienced.
You puncture the sun demon!
The sun demon is heavily wounded.
You closely miss the sun demon.
The sun demon is heavily wounded.
You block the sun demon's attack.
You closely miss the sun demon.
The sun demon is heavily wounded.
The sun demon hits the sun demon!
The sun demon is engulfed in flames.
The sun demon completely resists.
The sun demon misses you.
You puncture the sun demon!
The sun demon is almost dead.
The sun demon barely misses the sun demon.
You hit the sun demon.
The sun demon is almost dead.
You block the sun demon's attack.
The sun demon hits the sun demon but does no damage.
Casting: Discord (mildly dangerous; 1% risk of failure)
Confirm with . or Enter, or press ? or * to list all spells.
A seven-headed hydra appears.
The sun demon hits the sun demon!
The sun demon dies!
Casting: Summon Hydra (safe; 0% risk of failure)
Confirm with . or Enter, or press ? or * to list all spells.
A seven-headed hydra appears.
You block the sun demon's attack.
You puncture the sun demon!
You kill the sun demon!
(D) Dungeon (T) Temple (L) Lair (S) Swamp (P) Snake Pit (M) Slime Pits (O) Orcish Mines (E) Elven Halls (V) Vaults (C) Crypt (W) Tomb (U) Depths (H) Hell (Z) Zot
Where to? (* - list waypoints, Enter - D:1 @ (x,y), ? - help)
Your seven-headed hydra disappears in a puff of smoke!
HP restored.
There is an open door here.
There is a staircase leading out of the dungeon here.
Enter note: woot!
You have escaped!

####...#.#..#.###.###.##..##
#......#.#..#..##.# #.###..#
#.....##.#.###.#..# #.####.#
#.....##.......#.## #.#..:..
#.....##......##.# #.#.##..
#.....#####'####.# #.#.##..
#.....# #...# #.####.#.##..
#.....# #...# #.##.........
#.....# #.@.# #.##.........
#.....# #...# #.##.......#.
#.....# ##### #.##.......#.
####### #.##.......#.
#.##.......#. #.##.......#.
#.##.......#. #.####.......
#.# ########


There were no monsters in sight!

Vanquished Creatures
  An ancient lich (Vaults:5)
  2 orbs of fire (Zot:5)
  11 Killer Klowns (Zot:5)
  A curse toe (Zot:1)
  3 golden dragons
  7 tentacled monstrosities
  A Hell Sentinel (D:13)
  A lich (Depths:3)
  26 Orb Guardians
  7 quicksilver dragons
  A deep elf blademaster (Elf:3)
  13 acid blobs (Slime:5)
  6 death cobs
  A sphinx (Depths:3)
  2 shadow dragons (Depths:4)
  Gastronok (Lair:3)
  Agnes (D:15)
  A revenant (Crypt:3)
  4 storm dragons
  3 draconian monks
  11 rockslimes (Slime:5)
  Roxanne (Snake:1)
  2 nagarajas (Snake:4)
  5 draconian knights
  8 azure jellies (Slime:5)
  2 deep elf sorcerers (Elf:3)
  3 fire giants
  3 draconian scorchers
  2 ghost moths (Zot:5)
  A frost giant (Depths:1)
  Louise (Snake:1)
  2 vault wardens
  3 draconian shifters
  2 deep elf elementalists (Elf:3)
  3 ironbound preservers
  5 draconian annihilators
  2 stone giants
  10 quicksilver oozes (Slime:5)
  9 green draconians
  A reaper (Depths:1)
  3 very ugly things
  7 deep elf demonologists
  5 ironbound thunderhulks
  2 vampire knights
  Nessos (Lair:3)
  5 black draconians
  The ghost of Kuef the Severer, a journeyman MiFi of Okawaru (Lair:1)
  12 purple draconians
  2 dire elephants
  3 eleionomae
  10 yellow draconians
  8 white draconians
  A bunyip (Swamp:1)
  A blizzard demon (Depths:3)
  A deep elf annihilator (Vaults:5)
  7 red draconians
  A crystal guardian (Desolation)
  A green death (Zot:4)
  An ettin (Depths:4)
  3 deep elf death magi
  A ragged hierophant (Desolation)
  A merfolk javelineer (Depths:3)
  6 yaktaur captains
  A deep elf high priest (Elf:3)
  4 fire dragons
  5 ice dragons
  6 hydras
  The ghost of Ruocep the Stormcaller, a journeyman TeAE of Vehumet (Lair:2)
  An ogre mage (D:15)
  A hell beast (D:15)
  A ghost crab (Swamp:3)
  5 great orbs of eyes
  3 vault guards
  2 spriggan air magi
  2 boulder beetles
  A rakshasa (Depths:1)
  3 catoblepae
  Erica (Lair:1)
  8 centaur warriors
  A spriggan skeleton (Crypt:3)
  2 anacondas (Snake:1)
  A death knight (Crypt:1)
  6 alligators
  13 dancing weapons
  14 death yaks
  A deep troll earth mage (Depths:4)
  3 two-headed ogres
  A naga warrior (Snake:1)
  A spriggan berserker (Depths:4)
  An orc high priest (Orc:2)
  10 naga sharpshooters
  4 shock serpents
  A sun demon (D:1)
  3 deep elf knights
  A fire crab (shapeshifter) (D:14)
  An iron troll (Depths:4)
  6 skeletal warriors
  2 flayed ghosts
  13 deep trolls
  An orb spider (shapeshifter) (D:15)
  A sea snake (Snake:4)
  4 spriggan druids
  A glowing orange brain (shapeshifter) (D:13)
  A goliath frog (Swamp:4)
  2 bog bodies (Swamp:1)
  A glowing orange brain (Depths:4)
  2 lindwurms
  6 deep elf archers
  2 swamp dragons (Swamp:3)
  A naga ritualist (Snake:1)
  An obsidian statue (Zot:5)
  8 ironbound convokers
  5 orc knights
  8 wizards
  14 deep elf pyromancers
  14 deep elf zephyrmancers
  A necromancer (D:13)
  4 salamanders (Snake:4)
  4 phantasmal warriors
  An oklob plant (Lair:2)
  3 mana vipers (Snake:1)
  A faun (shapeshifter) (Vaults:5)
  A shining eye (shapeshifter) (Vaults:5)
  3 shining eyes (Slime:5)
  6 will-o-the-wisps
  5 manticores
  12 ugly things
  2 cyclopes (D:12)
  5 elephants
  2 toenail golems (Zot:5)
  A centaur zombie (Crypt:2)
  17 black mambas
  20 moths of wrath
  12 slime creatures
  10 vault sentinels
  Maurice (D:10)
  7 naga magi
  4 guardian serpents
  A gargoyle (D:11)
  A black mamba (shapeshifter) (Depths:3)
  8 cane toads
  Maggie (Lair:1)
  A hellion (Depths:4)
  An orange demon (Depths:2)
  A torpor snail (Lair:3)
  2 kobold demonologists (D:11)
  14 rime drakes
  5 komodo dragons
  3 freezing wraiths
  9 yaktaurs
  3 meliai (D:15)
  2 bloated husks
  4 polar bears
  8 trolls
  11 saltlings (Desolation)
  8 hornets
  A blink frog (shapeshifter) (D:14)
  13 blink frogs
  6 tyrant leeches
  A raiju (shapeshifter) (Depths:4)
  2 dream sheep (Lair:3)
  A jumping spider (shapeshifter) (Vaults:5)
  A spriggan (shapeshifter) (D:15)
  An air elemental (Elf:3)
  12 spriggans
  5 shadows
  3 water elementals
  5 wyverns
  The ghost of Rrauwl the Cudgeller, an amateur TrAr (D:3)
  62 yaks
  2 swamp worm simulacra (Swamp:4)
  3 basilisks
  A golden eye (Slime:5)
  11 humans (D:13)
  5 vampire mosquitoes
  3 steam dragons
  16 nagas
  13 swamp worms
  3 wargs
  A cane toad zombie (Crypt:1)
  9 hydra simulacra (Swamp:4)
  13 water moccasins
  2 acid dragons
  A naga skeleton (Crypt:3)
  3 swamp drakes
  An ice beast (D:5)
  A manticore zombie (Crypt:2)
  25 orc warriors
  A sky beast (D:7)
  A black bear (Lair:1)
  A black mamba simulacrum (Crypt:1)
  7 ogres
  5 boggarts (Vaults:2)
  3 centaurs
  11 wolves (Lair:1)
  3 phantoms
  13 kobold brigands
  9 bullfrogs
  2 necrophages
  An earth elemental (Elf:2)
  4 scorpions
  13 wights
  13 killer bees
  6 electric eels
  10 howler monkeys
  A lava snake (Snake:4)
  3 jellies
  24 orc priests
  2 hounds (D:7)
  A gnoll bouda (D:7)
  29 orc wizards
  Natasha (thrice) (D:2)
  3 iguanas
  4 hell rats (Lair:4)
  A killer bee zombie (Crypt:2)
  A naga zombie (Crypt:2)
  9 adders
  7 gnolls
  2 river rats (Sewer)
  2 shadow imps (D:5)
  A white imp (D:5)
  5 swamp drake simulacra (Swamp:4)
  A lava snake zombie (Crypt:2)
  A worm (D:3)
  2 dart slugs
  90 orcs
  5 bats
  An endoplasm (D:3)
  3 giant cockroaches
  6 goblins
  2 hobgoblins
  3 training dummies (Orc:1)
  3 ball pythons
  9 frilled lizards
  A gnoll skeleton (Crypt:2)
  A jackal skeleton (Crypt:1)
  A jackal zombie (Crypt:1)
  18 kobolds
  A quokka skeleton (Crypt:2)
  10 rats
1245 creatures vanquished.

Vanquished Creatures (collateral kills)
  2 ancient liches
  5 dread liches
  Mara (Snake:4)
  Sojobo (Vaults:4)
  A shard shrike (IceCv)
  Boris (Vaults:4)
  Saint Roka (Depths:4)
  Frederick (Vaults:4)
  5 caustic shrikes
  Bai Suzhen (Vaults:5)
  Geryon (Hell)
  6 golden dragons
  Nikola (Snake:2)
  The ghost of atomjack the Slayer, a veteran DsWr of Hepliaklqana (Depths:3)
  2 bone dragons (Crypt:3)
  2 electric golems (Zot:5)
  Zenata (Vaults:3)
  3 liches
  8 tentacled monstrosities
  An Orb Guardian (Zot:5)
  A deep elf blademaster (Elf:3)
  2 deep elf master archers (Elf:3)
  A quicksilver dragon (Zot:5)
  9 acid blobs
  A titan (Vaults:5)
  6 ancient champions
  6 death cobs
  10 shadow dragons
  6 sphinxes
  13 tengu reavers
  A thorn hunter (Swamp:3)
  Donald (Swamp:2)
  2 storm dragons
  2 draconian knights
  4 draconian monks
  A revenant (Crypt:1)
  2 rockslimes (Slime:5)
  7 azure jellies
  5 nagarajas
  A daeva (Depths:2)
  7 fire giants
  5 frost giants
  An imperial myrmidon (Desolation)
  An iron dragon (Vaults:5)
  11 vault wardens
  6 draconian scorchers
  A ghost moth (shapeshifter) (Depths:3)
  4 draconian shifters
  3 balrugs
  4 draconian stormcallers
  A draconian annihilator (Zot:4)
  9 ghouls
  4 curse skulls
  6 quicksilver oozes
  3 reapers
  A juggernaut skeleton (Crypt:3)
  7 stone giants
  7 vampire knights
  20 ironbound preservers
  A deep elf demonologist (Elf:3)
  4 green draconians
  14 very ugly things
  3 black draconians
  3 eleionomae
  7 ironbound thunderhulks
  4 red draconians (Depths:4)
  15 dire elephants
  2 deep elf annihilators (Elf:3)
  A bunyip (Swamp:2)
  4 yellow draconians
  A white draconian (IceCv)
  3 purple draconians
  A halazid warlock (Desolation)
  4 blizzard demons (Hell)
  11 eidola
  4 crystal guardians (Desolation)
  3 fire dragons
  A merfolk javelineer (Depths:3)
  3 ettins
  3 deep elf high priests
  3 deep elf death magi
  A green death (Hell)
  A quicksilver dragon zombie (Crypt:3)
  Josephine (D:15)
  3 entropy weavers
  7 great orbs of eyes
  2 ragged hierophants (Desolation)
  26 vault guards
  11 yaktaur captains
  5 ice dragons
  5 peacekeepers (Desolation)
  2 hydras (Swamp:2)
  6 servants of whispers (Desolation)
  A spriggan skeleton (Crypt:3)
  The ghost of zamzamzam the Skirmisher, a journeyman HuHu of Dithmenos (D:9)
  2 hell beasts (Depths:3)
  A catoblepas (Lair:5)
  3 spriggan air magi
  10 ironbound frosthearts
  A bennu zombie (Crypt:2)
  A death knight (Crypt:2)
  6 alligators
  6 centaur warriors
  6 naga warriors
  7 anacondas
  2 ogre magi (Vaults:5)
  4 boulder beetles
  2 death yaks (Lair:5)
  7 naga sharpshooters
  3 deep troll shamans
  A tengu warrior (D:10)
  A spriggan berserker (Depths:4)
  6 deep troll earth magi
  2 orc high priests (Orc:2)
  A vampire mage (Depths:3)
  A titan zombie (Crypt:1)
  6 dancing weapons
  A shock serpent (Snake:4)
  A fenstrider witch skeleton (Crypt:3)
  8 spriggans
  10 soul eaters
  11 sun demons
  A deep elf knight (Elf:2)
  12 iron trolls
  A titan skeleton (Crypt:3)
  10 hell knights
  2 shadow wraiths
  A spriggan druid (Swamp:4)
  A goliath frog (Swamp:2)
  52 skeletal warriors
  3 glowing orange brains
  3 sea snakes (Snake:4)
  6 wizards
  8 lindwurms
  A death drake (shapeshifter) (Vaults:5)
  2 bog bodies (Crypt:2)
  2 naga ritualists
  46 deep trolls
  3 flayed ghosts (Crypt:3)
  A tengu zombie (Crypt:1)
  An orange crystal statue (IceCv)
  8 phantasmal warriors
  A lindwurm (shapeshifter) (Depths:3)
  A swamp dragon (Swamp:2)
  8 deep elf zephyrmancers
  2 deep elf archers (Elf:2)
  6 deep elf pyromancers
  2 anaconda skeletons
  11 ironbound convokers
  5 orc knights
  An iron giant skeleton (Crypt:3)
  A wolf spider (shapeshifter) (Vaults:4)
  5 mana vipers
  4 orc sorcerers (Orc:2)
  7 necromancers
  A wolf spider (D:15)
  A shining eye (Slime:2)
  5 salamanders
  3 tengu skeletons
  2 manticores
  A stone giant zombie (Vaults:3)
  A will-o-the-wisp (Swamp:4)
  47 ugly things
  A sphinx skeleton (Vaults:2)
  6 moths of wrath
  A frost giant skeleton (Vaults:2)
  21 black mambas
  3 human skeletons
  3 vault sentinels
  2 stone giant skeletons
  8 naga magi
  5 smoke demons
  A molten gargoyle (Hell)
  A centaur skeleton (Crypt:3)
  2 green draconian zombies (Crypt:3)
  2 eyes of devastation
  5 guardian serpents
  A gargoyle (D:10)
  2 dire elephant skeletons (Crypt:3)
  2 elf skeletons (Vaults:2)
  2 torpor snails (shapeshifter)
  7 rime drakes (IceCv)
  A yaktaur zombie (Vaults:3)
  16 yaktaurs
  4 guardian mummies (Crypt:3)
  8 freezing wraiths
  A tormentor (Depths:2)
  A hydra zombie (Hell)
  A yaktaur skeleton (Vaults:2)
  A tengu conjurer (Depths:1)
  A bloated husk (Swamp:4)
  A troll (D:12)
  11 polar bears (IceCv)
  8 hornets
  3 meliai (D:15)
  5 harpy skeletons
  An ice dragon zombie (Crypt:3)
  26 saltlings (Desolation)
  2 tyrant leeches
  A hellwing (Depths:2)
  A moth of wrath zombie (Crypt:1)
  10 flying skulls
  48 slime creatures
  A culicivora (Vaults:3)
  An ettin skeleton (Crypt:3)
  An air elemental (Elf:3)
  11 humans (D:13)
  A vampire (D:12)
  8 wraiths
  3 fire bats (Depths:4)
  A black mamba skeleton (Crypt:2)
  A fire elemental (Elf:2)
  3 water elementals
  3 yaks (Lair:5)
  4 golden eyes (Slime:4)
  A swamp worm simulacrum (Swamp:4)
  3 vampire mosquitoes
  An alligator snapping turtle simulacrum (Crypt:1)
  2 redbacks (Vaults:3)
  2 wargs
  A swamp worm (Swamp:2)
  17 nagas
  A harpy simulacrum (Crypt:2)
  6 hydra simulacra (Swamp:4)
  3 swamp drakes (Swamp:3)
  A floating eye (Depths:1)
  A merfolk skeleton (Crypt:3)
  A naga skeleton (Crypt:3)
  9 orc warriors
  2 elephant zombies (Crypt:1)
  A two-headed ogre skeleton (Crypt:3)
  4 ogres
  2 centaurs
  A blink frog skeleton (Crypt:3)
  An earth elemental (Elf:3)
  5 necrophages
  A cyclops zombie (Crypt:3)
  A shapeshifter skeleton (Crypt:1)
  2 nameless horrors
  A warg skeleton (Crypt:1)
  A centaur zombie (Crypt:2)
  An orc priest (Orc:2)
  4 hell rats (Hell)
  A boggart skeleton (Crypt:1)
  A swamp drake zombie (Crypt:3)
  A swamp drake skeleton (Crypt:1)
  20 orcs
  A frilled lizard skeleton (Crypt:2)
1147 creatures vanquished.

Vanquished Creatures (others)
  A tengu reaver (Vaults:4)
  A ghoul (Crypt:3)
  An ironbound preserver (Vaults:5)
  A draconian annihilator (Zot:5)
  A very ugly thing (Vaults:5)
  3 green draconians
  A yellow draconian (Zot:4)
  A purple draconian (Zot:4)
  An ettin (Vaults:5)
  A merfolk impaler (Depths:3)
  A fire dragon (Depths:4)
  2 vault guards (Vaults:5)
  5 hell knights
  A sun demon (Hell)
  A deep elf knight (Elf:2)
  3 skeletal warriors (Crypt:3)
  A deep troll (Depths:3)
  An orc knight (Vaults:5)
  3 ugly things
  2 vault sentinels (Vaults:5)
  A freezing wraith (Vaults:5)
  A saltling (Desolation)
  4 flying skulls (Crypt:3)
  A necrophage (Crypt:3)
  A hell rat (Hell)
  10 foxfires
  14 fungi
  27 plants
  6 withered plants (Lair:2)
97 creatures vanquished.

Grand Total: 2489 creatures vanquished

Notes
Turn   | Place    | Note
-------+----------+-------------------------------------------
     0 | D:1      | Banquo the Djinni Air Elementalist began the quest for the
                  | Orb.
     0 | D:1      | Banquo set off with the following spells memorised: Shock,
                  | Static Discharge, Swiftness, Airstrike.
     0 | D:1      | Reached XP level 1. HP: 15/15 MP: 0/0
   545 | D:1      | Reached XP level 2. HP: 17/22 MP: 0/0
   924 | D:2      | Noticed Natasha
  1308 | D:2      | Noticed a crimson imp
  1498 | D:2      | Reached skill level 1 in Fighting
  1498 | D:2      | Reached XP level 3. HP: 25/27 MP: 0/0
  1498 | D:2      | Learned a level 1 spell: Freeze
  2056 | D:3      | Found a runed translucent door.
  2057 | D:3      | Noticed Rrauwl's ghost (amateur TrAr)
  2197 | D:3      | Reached XP level 4. HP: 28/32 MP: 0/0
  2670 | D:4      | Noticed an ogre
  2767 | D:3      | Reached XP level 5. HP: 17/38 MP: 0/0
  2767 | D:3      | Learned a level 2 spell: Wereblood
  3022 | D:4      | Reached XP level 6. HP: 38/43 MP: 0/0
  3287 | D:4      | Noticed an ogre
  3299 | D:4      | Killed an ogre
  3300 | D:4      | Reached skill level 5 in Spellcasting
  3300 | D:4      | Reached XP level 7. HP: 45/49 MP: 0/0
  3300 | D:4      | Learned a level 2 spell: Searing Ray
  3458 | D:4      | Found a broken altar of Ashenzari.
  3474 | D:4      | Became a worshipper of Ashenzari the Shackled
  3606 | D:4      | Found a basalt altar of Yredelemnul.
  3663 | D:4      | Found a white marble altar of Elyvilon.
  3884 | D:5      | Entered Level 5 of the Dungeon
  3947 | D:5      | Reached XP level 8. HP: 35/56 MP: 0/0
  4392 | D:5      | Found a staircase to the Ecumenical Temple.
  4743 | D:5      | Found a hazy altar of Hepliaklqana.
  4915 | D:6      | Found a glowing drain.
  4937 | Sewer    | Entered a sewer
  5285 | D:6      | Reached skill level 1 in Shields
  5285 | D:6      | Reached XP level 9. HP: 12/64 MP: 0/0
  5285 | D:6      | Learned a level 4 spell: Ice Form
  6008 | D:6      | Reached skill level 5 in Fighting
  6166 | D:6      | Found a shimmering altar of Xom.
  6166 | D:6      | Found a shimmering altar of Xom.
  6168 | D:6      | Found a shimmering altar of Xom.
  6169 | D:6      | Found a shimmering altar of Xom.
  6259 | D:6      | Reached * piety under Ashenzari
  7006 | D:2      | Killed Natasha
  7653 | D:2      | Noticed Natasha
  7655 | D:2      | Killed Natasha
  7960 | D:2      | Noticed Natasha
  7962 | D:2      | Killed Natasha
  8211 | D:7      | Found a glowing golden altar of the Shining One.
  8513 | D:7      | Found a bloodstained altar of Trog.
  8559 | D:7      | Reached XP level 10. HP: 65/72 MP: 0/0
  9517 | D:7      | Reached ** piety under Ashenzari
  9740 | D:8      | Noticed a two-headed ogre
 10114 | D:8      | Killed a two-headed ogre
 10223 | D:8      | Found a stormy altar of Qazlal.
 10245 | D:8      | Reached skill level 5 in Dodging
 10558 | D:7      | Reached *** piety under Ashenzari
 11155 | D:9      | Reached skill level 10 in Spellcasting
 11348 | D:8      | Reached XP level 11. HP: 23/81 MP: 0/0
 11348 | D:8      | Learned a level 5 spell: Yara's Violent Unravelling
 11842 | D:9      | Noticed a two-headed ogre
 11848 | D:9      | Killed a two-headed ogre
 11849 | D:9      | Reached skill level 5 in Shields
 12183 | D:9      | Found a snail-covered altar of Cheibriados.
 12191 | D:9      | Identified the +6 dagger "Ungaleu" {freeze, Dex+5}
 12294 | D:9      | Found a sparkling altar of Nemelex Xobeh.
 12526 | D:10     | Entered Level 10 of the Dungeon
 12526 | D:10     | Found a runed translucent gate.
 12526 | D:10     | Found a runed translucent gate.
 12526 | D:10     | Found a runed translucent gate.
 12873 | D:10     | Identified the +0 robe of Disguise {Str+5 Int+2}
 12978 | D:10     | Found a portal to a secret trove of treasure.
 13105 | D:10     | Noticed Maurice
 13108 | D:10     | Killed Maurice
 13195 | D:10     | Noticed a yaktaur captain
 13195 | D:10     | Noticed zamzamzam's ghost (journeyman HuHu)
 13199 | D:10     | Noticed a tengu warrior
 13964 | D:11     | Noticed a manticore
 13971 | D:10     | Killed a manticore
 14031 | D:11     | Noticed a manticore
 14038 | D:10     | Killed a manticore
 14039 | D:10     | Reached skill level 1 in Armour
 14039 | D:10     | Reached XP level 12. HP: 44/91 MP: 0/0
 14334 | D:11     | Noticed a boulder beetle
 15170 | D:11     | Found a staircase to the Lair.
 15196 | Lair:1   | Entered Level 1 of the Lair of Beasts
 15214 | Lair:1   | Noticed a death yak
 15215 | Lair:1   | Noticed a death yak
 15570 | Lair:1   | Noticed Maggie
 15576 | Lair:1   | Killed Maggie
 15709 | Lair:1   | Noticed Erica
 15713 | Lair:1   | Killed Erica
 15745 | Lair:1   | Reached XP level 13. HP: 89/98 MP: 0/0
 15745 | Lair:1   | Learned a level 5 spell: Iskenderun's Battlesphere
 16952 | Lair:2   | Found a runed translucent gate.
 16953 | Lair:2   | Found a runed translucent gate.
 16954 | Lair:2   | Found a runed translucent gate.
 17800 | Lair:2   | Found a staircase to the Snake Pit.
 18194 | Lair:2   | Noticed Kuef's ghost (journeyman MiFi)
 18194 | Lair:2   | Noticed Ruocep's ghost (journeyman TeAE)
 18486 | Lair:3   | Noticed Nessos
 18586 | Lair:3   | Reached **** piety under Ashenzari
 18970 | Lair:3   | Noticed Gastronok
 18982 | Lair:3   | Killed Gastronok
 19019 | Lair:3   | Killed Nessos
 19020 | Lair:3   | Reached XP level 14. HP: 72/111 MP: 0/0
 19212 | Lair:3   | Reached skill level 10 in Fighting
 19420 | Lair:3   | Found a staircase to the Swamp.
 20106 | Lair:3   | Found a staircase to the Swamp.
 20472 | Lair:4   | Reached skill level 10 in Shields
 20582 | Lair:4   | Found a viscous altar of Jiyva.
 20582 | Lair:4   | Found a staircase to the Slime Pits.
 21498 | Lair:5   | Entered Level 5 of the Lair of Beasts
 21704 | Lair:5   | Reached skill level 1 in Short Blades
 22527 | Lair:5   | Reached XP level 15. HP: 90/120 MP: 0/0
 22527 | Lair:5   | Learned a level 6 spell: Summon Cactus Giant
 23344 | D:3      | Killed Rrauwl's ghost
 23525 | D:9      | Killed zamzamzam's ghost
 24016 | D:10     | Found a portal to a secret trove of treasure.
 24915 | D:12     | Found a shadowy altar of Dithmenos.
 25037 | D:12     | Reached skill level 5 in Short Blades
 25165 | D:12     | Found a staircase to the Orcish Mines.
 25487 | Orc:1    | Entered Level 1 of the Orcish Mines
 25652 | Orc:2    | Entered Level 2 of the Orcish Mines
 25874 | Orc:1    | Found Ranar's Firing Range.
 26278 | Orc:1    | Reached ***** piety under Ashenzari
 26534 | Orc:2    | Found a staircase to the Elven Halls.
 26977 | Orc:2    | Found Toacux's Assorted Antiques.
 26977 | Orc:2    | Found Qish's General Store.
 26978 | Orc:2    | Found Buubauc's Antique Weapon Shop.
 26978 | Orc:2    | Found Wieshucsim's Distillery.
 26999 | Orc:2    | Bought a thick filigree amulet for 170 gold pieces
 26999 | Orc:2    | Bought a scroll labelled DEQOSI ITEBEQO for 34 gold pieces
 27007 | Orc:2    | Bought a bloodstained hand axe for 248 gold pieces
 27007 | Orc:2    | Identified the +3 hand axe "Hiozaago" {flame, *Rage Fly
                  | Will+ Stlth+} (You bought it in a shop on level 2 of the
                  | Orcish Mines)
 27917 | D:13     | Reached XP level 16. HP: 132/132 MP: 0/0
 28012 | D:13     | Found a gate to the Vaults.
 29121 | D:15     | Entered Level 15 of the Dungeon
 29249 | D:15     | Found a staircase to the Depths.
 29473 | D:15     | Identified the +2 ring mail of Undesirable Species {rPois
                  | rN++ Will+ Dex+3}
 29908 | D:15     | Noticed Agnes
 29914 | D:15     | Killed Agnes
 30146 | D:15     | Noticed Josephine
 30156 | D:15     | Killed Josephine
 30496 | Lair:1   | Killed Kuef's ghost
 30511 | Lair:2   | Killed Ruocep's ghost
 30585 | Snake:1  | Entered Level 1 of the Snake Pit
 30585 | Snake:1  | Identified Roxanne's Almanac of Metamorphosis
 30585 | Snake:1  | Noticed Roxanne
 30585 | Snake:1  | Noticed Louise
 30694 | Swamp:1  | Entered Level 1 of the Swamp
 30703 | Swamp:1  | Reached skill level 15 in Shields
 31119 | Swamp:1  | Reached skill level 10 in Dodging
 31136 | Swamp:1  | Reached XP level 17. HP: 83/139 MP: 0/0
 31136 | Swamp:1  | Learned a level 7 spell: Summon Hydra
 31545 | Swamp:2  | Noticed Donald
 31551 | Swamp:2  | Killed Donald
 32080 | Swamp:3  | Noticed a thorn hunter
 32083 | Swamp:3  | Killed a thorn hunter
 32767 | Swamp:4  | Entered Level 4 of the Swamp
 33209 | Swamp:4  | Noticed a tentacled monstrosity
 33213 | Swamp:4  | Killed a tentacled monstrosity
 33577 | Swamp:4  | Reached skill level 10 in Short Blades
 34084 | Elf:1    | Entered Level 1 of the Elven Halls
 34266 | Elf:1    | Identified the Vademecum on the Union
 34287 | Elf:1    | Reached XP level 18. HP: 115/151 MP: 0/0
 35613 | Elf:2    | Found a flickering gateway to a bazaar.
 35622 | Bazaar   | Entered a bazaar
 35622 | Bazaar   | Found Puamem Umub's Book Emporium.
 35622 | Bazaar   | Found Ithuyr's Jewellery Shop.
 35622 | Bazaar   | Found Finoruja's Book Shoppe.
 35622 | Bazaar   | Found Noiteo Uvau's Jewellery Shop.
 35648 | Bazaar   | Found Uclabex's Book Shoppe.
 35648 | Bazaar   | Found Gyzi's Assorted Antiques.
 35670 | Bazaar   | Bought a ring of protection from cold for 350 gold pieces
 35822 | Elf:2    | Reached skill level 15 in Spellcasting
 36001 | Elf:2    | Found a runed translucent gate.
 36001 | Elf:2    | Found a runed translucent gate.
 36001 | Elf:2    | Found a runed translucent gate.
 36191 | Elf:3    | Entered Level 3 of the Elven Halls
 36386 | Elf:3    | Found Raclamny's Magic Scroll Emporium.
 36391 | Elf:3    | Found Uveat's Weapon Emporium.
 36391 | Elf:3    | Found Xiweca Ineah's Book Shoppe.
 36403 | Elf:3    | Found Lewim's Assorted Antiques.
 36735 | Elf:3    | Identified a scroll of acquirement
 36750 | Elf:3    | Acquired a manual of Fighting
 36795 | Elf:3    | Noticed a deep elf blademaster
 36832 | Elf:3    | Killed a deep elf blademaster
 36833 | Elf:3    | Reached skill level 15 in Fighting
 36838 | Elf:3    | Identified the +4 plate armour "Leufyqom" {Contam Fly rC+
                  | Slay+3}
 36838 | Elf:3    | Identified the +3 ring mail "Dyttagge" {Int+3}
 36838 | Elf:3    | Identified the +1 hand axe "Kifieca" {venom, Str+5}
 36839 | Elf:3    | Noticed a Tzitzimitl
 36839 | Elf:3    | Noticed a deep elf master archer
 36849 | Elf:3    | Killed a deep elf master archer
 36986 | Elf:3    | Noticed a Brimstone Fiend
 37022 | Elf:3    | Identified the +8 plate armour "Zaimner" {rF- rN+ Regen+
                  | SInv}
 37023 | Elf:3    | Noticed a deep elf blademaster
 37026 | Elf:3    | Killed a deep elf blademaster
 37027 | Elf:3    | Reached XP level 19. HP: 108/158 MP: 0/0
 37027 | Elf:3    | Learned a level 7 spell: Enfeeble
 37091 | Elf:3    | Identified the +2 falchion of Purpose {heavy, Str+3}
 37093 | Elf:3    | Identified the +3 mace of Sonitur {speed, Str+2}
 37093 | Elf:3    | Identified the +0 pair of gloves "Iminos" {rElec rPois
                  | Dex+4}
 37713 | Snake:1  | Found Yfoleaw's Armour Emporium.
 37715 | Snake:1  | Found Qaolaug's Weapon Shoppe.
 37717 | Snake:1  | Found Laon's Distillery.
 37970 | Snake:1  | Killed Louise
 38025 | Snake:1  | Identified the +1 short sword of Slow Death {antimagic,
                  | *Corrode Will+++ SInv}
 38400 | Snake:1  | Killed Roxanne
 38526 | Snake:2  | Found a frozen archway.
 38567 | IceCv    | Entered an ice cave
 38652 | IceCv    | Identified the +0 ice dragon scales "Winwur" {rF- rC++
                  | Int+3 Dex+2}
 39030 | IceCv    | Noticed a shard shrike
 39043 | IceCv    | Killed a shard shrike
 39154 | IceCv    | Identified the +8 longbow of Cyitid {flame, +Blink rF++ rC-
                  | Int+2}
 39967 | Snake:2  | Noticed Nikola
 39972 | Snake:2  | Killed Nikola
 40376 | Snake:3  | Reached XP level 20. HP: 92/169 MP: 0/0
 40727 | Snake:3  | Acquired the amulet of Uthritti {Acrobat Will+ Regen+}
 40846 | Snake:3  | Identified the +9 ring mail of Gravitas {+Inv rF+ rCorr
                  | Int+2}
 41123 | Snake:4  | Entered Level 4 of the Snake Pit
 41417 | Snake:4  | Found Urememarch's Armour Shoppe.
 41853 | Snake:4  | Noticed Mara
 41857 | Snake:4  | Noticed Banquo's illusion
 41860 | Snake:4  | Killed Mara
 42226 | Snake:4  | Got a serpentine rune of Zot
 42398 | Snake:4  | Bought a scarf of resistance for 416 gold pieces
 42653 | Vaults:1 | Entered Level 1 of the Vaults
 42947 | Vaults:1 | Reached XP level 21. HP: 163/179 MP: 0/0
 42947 | Vaults:1 | Learned a level 8 spell: Discord
 44314 | Vaults:2 | Found a flickering gateway to a bazaar.
 44345 | Bazaar   | Entered a bazaar
 44345 | Bazaar   | Found Leomeg's Antique Armour Emporium.
 44350 | Bazaar   | Found Damug's Jewellery Shoppe.
 44358 | Bazaar   | Found Dedwei's Armour Shop.
 44384 | Bazaar   | Found Kuerat's Assorted Antiques.
 44415 | Bazaar   | Bought a potion of curing for 69 gold pieces
 44415 | Bazaar   | Bought a scroll of noise for 23 gold pieces
 44415 | Bazaar   | Bought a potion of ambrosia for 184 gold pieces
 44415 | Bazaar   | Bought a scroll of teleportation for 69 gold pieces
 44430 | Bazaar   | Bought a warped scale mail for 252 gold pieces
 44430 | Bazaar   | Identified the +0 scale mail "Vyori" {Will+ rCorr} (You
                  | bought it in a shop in a bazaar)
 45217 | Vaults:2 | Reached skill level 5 in Armour
 45846 | Vaults:2 | Reached XP level 22. HP: 167/189 MP: 0/0
 45876 | Vaults:2 | Found a staircase to the Crypt.
 46094 | Vaults:3 | Found Xogrivul's Distillery.
 46160 | Vaults:3 | Found Nierph's Assorted Antiques.
 46679 | Vaults:3 | Found Imuogel's Jewellery Shop.
 46799 | Vaults:3 | Noticed Zenata
 46925 | Vaults:3 | Killed Zenata
 47038 | Vaults:3 | Found Muezaczu's General Store.
 47403 | Vaults:3 | Reached skill level 15 in Dodging
 47710 | Vaults:4 | Noticed Sojobo
 47738 | Vaults:4 | Killed Sojobo
 47830 | Vaults:4 | Noticed Boris
 47884 | Vaults:4 | Found a crumbling gateway.
 47919 | Desolati | Entered the Desolation of Salt
 48011 | Desolati | Identified the +2 great mace of Qidanaf {drain, rElec
                  | Dex+3}
 48011 | Desolati | Identified the ring of Ypnuroma {rElec rPois Will+ MP+9}
 48169 | Desolati | Reached XP level 23. HP: 129/195 MP: 0/0
 48169 | Desolati | Learned a level 7 spell: Storm Form
 48289 | Desolati | Identified the +5 bardiche of Ulumne Fink {flame, rC+}
 48432 | Desolati | Identified Ygyutergh's Incunable of Sepulchral Wanderlust
 48437 | Desolati | Identified the +1 leather armour "Vamoenau" {-Cast rN+
                  | Str+4}
 50023 | Depths:1 | Entered Level 1 of the Depths
 50212 | Depths:1 | Identified the +3 ring mail of Circular Logic {rElec rF+
                  | Stlth+}
 50319 | Depths:1 | Found a one-way gate leading to the halls of Pandemonium.
 50513 | Depths:1 | Paralysed by a floating eye for 4 turns
 50652 | Depths:1 | Found a gateway to Hell.
 50944 | Depths:2 | Found a one-way gateway to a ziggurat.
 51330 | Depths:2 | Found a glowing golden altar of the Shining One.
 51636 | Depths:2 | Found a one-way gate to the infinite horrors of the Abyss.
 51636 | Depths:2 | Identified the Compendium of a Billion Nightmares
 52376 | Depths:3 | Noticed a golden dragon
 52386 | Depths:3 | Killed a golden dragon
 52565 | Depths:3 | Reached XP level 24. HP: 191/204 MP: 0/0
 52632 | Depths:3 | Found Takeijar's Book Emporium.
 53120 | Depths:3 | Reached skill level 1 in Evocations
 53387 | Depths:3 | Found a runed translucent gate.
 53387 | Depths:3 | Found a runed translucent gate.
 53387 | Depths:3 | Found a runed translucent gate.
 53389 | Depths:3 | Noticed atomjack's ghost (veteran DsWr)
 53404 | Depths:3 | Killed atomjack's ghost
 53558 | Depths:4 | Entered Level 4 of the Depths
 53734 | Depths:4 | Noticed a caustic shrike
 53734 | Depths:4 | Noticed a caustic shrike
 53735 | Depths:4 | Noticed a caustic shrike
 53735 | Depths:4 | Noticed Saint Roka
 53735 | Depths:4 | Killed a caustic shrike
 53735 | Depths:4 | Noticed a caustic shrike
 53739 | Depths:4 | Killed a caustic shrike
 53739 | Depths:4 | Killed a caustic shrike
 53745 | Depths:3 | Killed a caustic shrike
 53837 | Depths:4 | Killed a caustic shrike
 53901 | Depths:4 | Identified the +10 plate armour of the Pink Corner {rPois
                  | rC+ MP+9 Int+3}
 53998 | Depths:4 | Killed Saint Roka
 54209 | Depths:4 | Noticed a golden dragon
 54216 | Depths:4 | Killed a golden dragon
 54310 | Depths:4 | Reached skill level 5 in Evocations
 54474 | Depths:4 | Found Jeewyedd's Book Boutique.
 54476 | Depths:4 | Found Lyclaeff's Book Boutique.
 54477 | Depths:4 | Found Bioceb's Jewellery Shoppe.
 54905 | Depths:4 | Found a gate to the Realm of Zot.
 55512 | Crypt:1  | Entered Level 1 of the Crypt
 55512 | Crypt:1  | Identified the Omnibus of the Charged Switch
 56234 | Crypt:1  | Reached XP level 25. HP: 180/207 MP: 0/0
 56234 | Crypt:1  | Learned a level 8 spell: Disjunction
 57017 | Crypt:2  | Identified the +4 hand axe "Urphedghaac" {holy, rPois rF+
                  | rC+ Int+3}
 57109 | Crypt:2  | Identified the +5 chain mail of the Stone Wall {Regen+
                  | MP+9}
 57510 | Crypt:3  | Entered Level 3 of the Crypt
 57991 | Crypt:3  | Found a staircase to the Tomb.
 58526 | Crypt:3  | Found a basalt altar of Yredelemnul.
 58634 | Crypt:3  | Reached skill level 10 in Armour
 58763 | Crypt:3  | Noticed a dread lich
 58763 | Crypt:3  | Identified the Octavo of Sciomancy
 58776 | Crypt:3  | Killed a dread lich
 58913 | Crypt:3  | Identified the +1 ring mail "Peukoen" {Regen+ rCorr Dex-4
                  | Slay+4}
 59113 | Crypt:3  | Reached skill level 5 in Stealth
 59860 | Hell     | Entered the Vestibule of Hell
 59860 | Hell     | Noticed Geryon
 59869 | Hell     | Reached XP level 26. HP: 183/215 MP: 0/0
 59986 | Hell     | Killed Geryon
 60220 | D:10     | You paid a toll of the horn of Geryon to enter a treasure
                  | trove
 60221 | Trove    | Entered a treasure trove
 60297 | Trove    | Identified the +1 pair of boots "Sekuateu" {rF- rCorr Str+3
                  | Int+2}
 60736 | Vaults:4 | Found Isaczer's General Store.
 60789 | Vaults:4 | Killed Boris
 60790 | Vaults:4 | Reached skill level 10 in Evocations
 61248 | Vaults:4 | Noticed Frederick
 61262 | Vaults:4 | Killed Frederick
 61413 | Vaults:5 | Entered Level 5 of the Vaults
 61413 | Vaults:5 | Noticed Bai Suzhen
 61431 | Vaults:5 | Reached skill level 1 in Long Blades
 61435 | Vaults:5 | Noticed a dread lich
 61446 | Vaults:5 | Killed a dread lich
 61447 | Vaults:5 | Reached skill level 5 in Long Blades
 61493 | Vaults:5 | Gained mutation: You are dopey. (Int -2) [a shining eye]
 61494 | Vaults:5 | Noticed a dread lich
 61506 | Vaults:5 | Killed Bai Suzhen
 61512 | Vaults:5 | Killed a dread lich
 61513 | Vaults:5 | Reached skill level 10 in Long Blades
 61725 | Vaults:5 | Noticed a dread lich
 61734 | Vaults:5 | Killed a dread lich
 61815 | Vaults:5 | Found the +8 lance "Wyrmbane" {slay drac, rPois rF+ rC+
                  | AC+3}
 61893 | Vaults:5 | Noticed an ancient lich
 61903 | Vaults:5 | Killed an ancient lich
 61904 | Vaults:5 | Reached XP level 27. HP: 188/221 MP: 0/0
 61904 | Vaults:5 | Learned a level 9 spell: Shatter
 61951 | Vaults:5 | Noticed a dread lich
 61960 | Vaults:5 | Killed a dread lich
 62055 | Vaults:5 | Noticed an ancient lich
 62064 | Vaults:5 | Killed an ancient lich
 62150 | Vaults:5 | Identified the +1 falchion of Truncation {freeze, MP+9
                  | Int+2}
 62380 | Vaults:5 | Reached skill level 1 in Polearms
 62625 | Vaults:5 | Got a silver rune of Zot
 64233 | Elf:3    | Bought a scroll of enchant armour for 135 gold pieces
 64233 | Elf:3    | Bought a scroll of teleportation for 54 gold pieces
 64233 | Elf:3    | Bought a scroll of summoning for 171 gold pieces
 64233 | Elf:3    | Bought a scroll of blinking for 135 gold pieces
 64239 | Elf:3    | Bought a wand of digging (5) for 861 gold pieces
 64239 | Elf:3    | Bought a potion of mutation for 328 gold pieces
 64239 | Elf:3    | Bought a potion of might for 164 gold pieces
 64239 | Elf:3    | Bought a scroll of noise for 41 gold pieces
 64239 | Elf:3    | Bought a scroll of noise for 41 gold pieces
 64516 | Vaults:3 | Bought a scroll of enchant armour for 382 gold pieces
 64516 | Vaults:3 | Bought a scroll of enchant armour for 382 gold pieces
 64516 | Vaults:3 | Bought a potion of heal wounds for 255 gold pieces
 64516 | Vaults:3 | Bought a potion of ambrosia for 408 gold pieces
 64516 | Vaults:3 | Bought a scroll of teleportation for 153 gold pieces
 64765 | Slime:1  | Entered Level 1 of the Pits of Slime
 64799 | Slime:2  | Gained mutation: Your body sometimes deteriorates upon
                  | taking damage. [a shining eye]
 64961 | Slime:5  | Entered Level 5 of the Pits of Slime
 65208 | Slime:4  | Reached skill level 5 in Polearms
 65224 | Slime:5  | Gained mutation: You are clumsy. (Dex -2) [a shining eye]
 65232 | Slime:5  | Gained mutation: You are weak. (Str -2) [a shining eye]
 65915 | Slime:5  | Noticed the Royal Jelly
 69260 | Snake:1  | Bought a potion of heal wounds for 75 gold pieces
 69260 | Snake:1  | Bought a potion of curing for 45 gold pieces
 69260 | Snake:1  | Bought a potion of cancellation for 120 gold pieces
 69260 | Snake:1  | Bought a potion of might for 60 gold pieces
 69472 | Orc:2    | Bought a potion of resistance for 110 gold pieces
 69472 | Orc:2    | Bought 2 potions of brilliance for 88 gold pieces
 69472 | Orc:2    | Bought a potion of curing for 33 gold pieces
 69472 | Orc:2    | Bought a potion of mutation for 88 gold pieces
 69472 | Orc:2    | Bought a potion of brilliance for 44 gold pieces
 69474 | Orc:2    | Bought a potion of heal wounds for 60 gold pieces
 69697 | Vaults:3 | Bought a potion of might for 76 gold pieces
 69697 | Vaults:3 | Bought 2 potions of heal wounds for 190 gold pieces
 69697 | Vaults:3 | Bought a potion of brilliance for 76 gold pieces
 69697 | Vaults:3 | Bought a potion of heal wounds for 95 gold pieces
 69697 | Vaults:3 | Bought a potion of cancellation for 152 gold pieces
 69697 | Vaults:3 | Bought a potion of cancellation for 152 gold pieces
 70557 | Swamp:4  | Got a decaying rune of Zot
 70931 | Zot:1    | Entered Level 1 of the Realm of Zot
 71018 | Depths:4 | Lost mutation: You are dopey. (Int -2) [potion of mutation]
 71018 | Depths:4 | Lost mutation: Your body sometimes deteriorates upon taking
                  | damage. [potion of mutation]
 71018 | Depths:4 | Gained mutation: Your mind is acute. (Int +4, Str/Dex -1)
                  | [potion of mutation]
 71018 | Depths:4 | Gained mutation: You are robust. (+10% HP) [potion of
                  | mutation]
 71420 | Depths:4 | Found Bioceb's Jewellery Shoppe.
 71420 | Depths:4 | Found Jeewyedd's Book Boutique.
 71421 | Depths:4 | Found Lyclaeff's Book Boutique.
 72362 | Zot:1    | Reached skill level 10 in Polearms
 73933 | Zot:3    | Identified the +0 hat "Ugipoiff" {Regen+ Str+6 Slay-6}
 74733 | Zot:4    | Acquired a manual of Shields
 75793 | Zot:5    | Entered Level 5 of the Realm of Zot
 76000 | Zot:5    | Noticed an orb of fire
 76001 | Zot:5    | Lost mutation: You are robust. (+10% HP) [an orb of fire]
 76033 | Zot:5    | Killed an orb of fire
 76103 | Zot:5    | Noticed a Killer Klown
 76108 | Zot:5    | Killed a Killer Klown
 76118 | Zot:5    | Noticed a Killer Klown
 76157 | Zot:5    | Killed a Killer Klown
 76384 | Zot:5    | Noticed a Killer Klown
 76389 | Zot:5    | Killed a Killer Klown
 76414 | Zot:5    | Noticed a Killer Klown
 76416 | Zot:5    | Noticed a Killer Klown
 76417 | Zot:5    | Killed a Killer Klown
 76423 | Zot:5    | Killed a Killer Klown
 76452 | Zot:5    | Noticed a Killer Klown
 76456 | Zot:5    | Killed a Killer Klown
 76457 | Zot:5    | Reached skill level 15 in Polearms
 76473 | Zot:5    | Noticed a Killer Klown
 76478 | Zot:5    | Killed a Killer Klown
 76553 | Zot:5    | Noticed a Killer Klown
 76557 | Zot:5    | Killed a Killer Klown
 76668 | Zot:5    | Noticed an ancient lich
 76738 | Zot:5    | Killed an ancient lich
 76986 | Zot:5    | Noticed a Killer Klown
 76990 | Zot:5    | Killed a Killer Klown
 77155 | Zot:5    | Identified the +2 scimitar "Duxivosk" {freeze, rPois Will+
                  | Stlth-}
 77248 | Zot:5    | Noticed a Killer Klown
 77253 | Zot:5    | Killed a Killer Klown
 77397 | Zot:5    | Noticed a Killer Klown
 77409 | Zot:5    | Killed a Killer Klown
 77648 | Zot:5    | Noticed an orb of fire
 77669 | Zot:5    | Killed an orb of fire
 78267 | Zot:5    | Got the Orb of Zot
 78771 | D:1      | woot!
 78772 | D:$      | Escaped with the Orb!

Illustrated notes

####...#.#..#.###.###.##..##
#......#.#..#..##.# #.###..#
#.....##.#.###.#..# #.####.#
#.....##.......#.## #.#..:..
#.....##......##.# #.#.##..
#.....#####'####.# #.#.##..
#.....# #...# #.####.#.##..
#.....# #...# #.##.........
#.....# #.@.# #.##.........
#.....# #...# #.##.......#.
#.....# ##### #.##.......#.
####### #.##.......#.
#.##.......#. #.##.......#.
#.##.......#. #.####.......
#.# ########


Turn 78771 on D:1: woot!

Levels and vault maps discovered:
D:1:      dpeg_arrival_erosion, layout_basic, minivault_4
D:2:      layout_loops_corners, uniq_natasha
D:3:      layout_rooms, gammafunk_ghost_grave
D:4:      layout_loops_ring, kennysheep_ying_yang, mainiacjoe_overflow_paths,
          minivault_25
D:5:      layout_rooms, kennysheep_little_box, minmay_temple_entry_junction,
          minmay_chambers_of_fives
D:6:      layout_rooms, xom_redecorated, gup_sewer_entry_bowl
D:7:      layout_layer_cave, trog_three_pillars_becter, tso_metal_star
D:8:      layout_cave_pods, mainiacjoe_overflow_chevrons
D:9:      layout_basic, cheibriados_altar_1, mainiacjoe_overflow_tiny_flanked
D:10:     layout_roguey, gammafunk_ghost_split, special_room [special_room_orc],
          trove_entry_hex_spiral, nicolae_two_hexagons,
          nicolae_twisting_strands, uniq_maurice
D:11:     layout_roguey, erik_lair_orcish_takeover, special_room
          [special_room_kobold], kennysheep_flooded_box
D:12:     layout_roguey, erik_orc_1, grunt_dithmenos_smoke
D:13:     layout_cave_pools, grunt_vaults_entry_tiered
D:14:     layout_cave_pods, serial_glass, glass_columns_b, glass_columns_b,
          minmay_misc_feat_secret_circle
D:15:     hangedman_depths_entry_try_elsewhere_first, layout_small_grid,
          chequers_garden, minmay_misc_feat_tiny, minmay_librarian,
          uniq_josephine, uniq_agnes
Lair:1:   layout_long_grid, lemuel_fruit_fields, grunt_megastairs_2,
          serial_bayou_shore_b, uniq_erica, uniq_maggie
Lair:2:   layout_regular_city, nicolae_snake_entry_squirm,
          gammafunk_ghost_cemetery, serial_bayou_lake_a
Lair:3:   layout_regular_city, palyth_hydra_swamp_entry,
          infiniplex_staircase_pool, grunt_megastairs_1, uniq_gastronok,
          uniq_nessos
Lair:4:   layout_concentric_octagons, slime_entry_1, serial_bayou_shore_a
Lair:5:   evilmike_catoblepas_cave, layout_misc_corridors, nzn_sisyphean_effort
Swamp:1:  layout_basic_swamp, evilmike_swamp_ruin_house_5, swamp_pool4,
          nicolae_swamp_spriggan_camp
Swamp:2:  layout_falls_marsh, nicolae_swamp_orc_logging_accident, uniq_donald
Swamp:3:  layout_falls_marsh, evilmike_swamp_ruin_rubble_1, swamp_pool5,
          nicolae_swamp_little_tower
Swamp:4:  swamp_icy, layout_basic_swamp
Snake:1:  layout_onion, minmay_shop_star, lemuel_fruit_tree, uniq_roxanne,
          uniq_louise
Snake:2:  layout_basic, portal_ice_cave_entry_ugly_swarm, uniq_nikola
Snake:3:  layout_rooms, st_stairs_7, grunt_megastairs_3
Snake:4:  grunt_snake_rune_pools, layout_basic, serial_shops, shop, uniq_mara
Slime:1:  layout_caves
Slime:2:  layout_caves
Slime:3:  layout_caves, cheibrodos_slime_lost_civilization_4
Slime:4:  layout_caves
Slime:5
Orc:1:    layout_diamond_mine, nicolae_shop_firing_range
Orc:2:    st_orc_elflike, layout_caves, mines2_david
Elf:1:    eino_elf_arrival_sip, layout_gridlike, minmay_elf_demonology,
          nicolae_concentric_dashed_squares_mild
Elf:2:    nicolae_elf_blades_crystal_corner, layout_geoelf_diagonals,
          serial_shops, bzr_firewalk, chequers_big_river
Elf:3:    elf_hall_gauntlet_wide, layout_gridlike, drop_trap, dk_noncrumbling_2,
          minmay_shoptagon
Vaults:1: nicolae_vaults_network_barrier, grunt_vaults_focal,
          ontoclasm_vaults_gateway, nicolae_vaults_branching_niches,
          vaults_mumra_minichess_inversion, nicolae_vaults_little_squares_4,
          v_misc_22, nicolae_vaults_little_squares_4,
          vaults_room_grunt_arrival_ludios, vaults_room_pools,
          layout_vaults_omnigrid
Vaults:2: vaults_standard_mumra_enter_the_diamond,
          minmay_crypt_entry_skeletal_spiral, v_pattern_5, nicolae_vaults_theta,
          ontoclasm_vaults_chip, nicolae_vaults_sealed_display,
          hangedman_vaults_nails, nicolae_vaults_gold_heap,
          ontoclasm_vaults_twist, layout_vaults_big_room, serial_shops,
          bzr_entry_lakeside
Vaults:3: hangedman_vaults_nails, v_pattern_4, nicolae_vaults_shelves_hall,
          vaults_mumra_chevron, v_misc_29, nicolae_vaults_network_quincunx
          [nicolae_vaults_network_quincunx_subvault,
          nicolae_vaults_network_quincunx_subvault,
          nicolae_vaults_network_quincunx_subvault,
          nicolae_vaults_network_quincunx_subvault,
          nicolae_vaults_network_quincunx_subvault], v_rooms_1, v_misc_33,
          ontoclasm_vaults_bender, nicolae_vaults_diagonal_hallway_7,
          ontoclasm_vaults_ring_small, layout_vaults_maze_snakey, serial_shops,
          shop, nicolae_shop_crystal, nicolae_shop_statue_plus, shop,
          uniq_zenata
Vaults:4: portal_desolation_entry_ruin, v_misc_4, vaults_mumra_hex,
          nicolae_vaults_arrows, v_misc_2, grunt_vaults_diagonal,
          ontoclasm_vaults_pinch, hangedman_vaults_stretched_pinwheel,
          ontoclasm_vaults_eye, nicolae_vaults_shelves_hall, vaults_dpeg_hooks,
          vaults_room_corners, v_misc_25, layout_vaults_omnibox, serial_shops,
          shop, uniq_sojobo, uniq_frederick, uniq_boris
Vaults:5: serial_shops, uniq_bai_suzhen
Crypt:1:  layout_regular_city, serial_sigils_hangedman_etch
Crypt:2:  layout_misc_corridors, roderic_lattice_octagonal_star
Crypt:3:  church_of_pain_bobbens, layout_chaotic_city,
          tomb_entry_simple_bobbens, grunt_ministairs_6, moated_statue
Depths:1: layout_cave_pools, pan_entry, pf_dread_powers_of_hell,
          hangedman_decor_points, bh_walls_and_bars
Depths:2: abrahamwl_protected_by_tso_3, layout_gridlike, enter_ziggurat_f,
          grunt_hell_entry_dis_old, abyss_entry, rand_demon_pan_entry_3,
          reono_crystal_passage, serial_bayou_shore_b
Depths:3: kennysheep_water_balloons, layout_twisted_cross,
          roderic_serpentine_path, serial_shops, nicolae_square_shop,
          abyss_entry, grunt_mini_vestibule, ebering_ghost_rock_garden,
          uniq_josephina
Depths:4: grunt_zot_entry_hairpin, layout_cave_shapes, serial_bayou_shore_b,
          hellmouth_1, minmay_shop_grove, uniq_saint_roka
Hell
Zot:1:    layout_onion_interference
Zot:2:    layout_onion_interference, grunt_megastairs_4, lemuel_elevator
Zot:3:    layout_gridlike
Zot:4:    nicolae_zot_stationary_front, layout_misc_corridors
Zot:5:    layout_concentric_octagons

Skill      XL: |  1  2  3  4  5  6  7  8  9 10 11 12 13 14 15 16 17 18 19 20 21 22 23 24 25 26 27 |
---------------+----------------------------------------------------------------------------------+-----
Fighting       | 1 2 3 4 5 6 7 8 9 11 13 14 15 16 18 19 20 | 20.0
Spellcasting   | 3 4 5 6 7 8 10 11 12 13 14 15 16 18 19 20 | 20.0
Shields        | 1 3 4 5 6 8 11 12 15 16 17 18 20 | 20.8
Dodging        | 4 5 7 8 10 11 13 16 18 19 20 | 20.9
Armour         | 1 2 3 5 7 11 12 | 12.2
Short Blades   | 2 6 7 10 | 10.0
Stealth        | 4 6 9 |  9.0
Evocations     | 7 10 | 10.0
Long Blades    | 11 | 11.4
Polearms       | 17 | 17.4

Action                     |  1- 3 |  4- 6 |  7- 9 | 10-12 | 13-15 | 16-18 | 19-21 | 22-24 | 25-27 || total
---------------------------+-------+-------+-------+-------+-------+-------+-------+-------+-------++-------
  Melee: Short sword       |       |     2 |       |       |       |       |    42 |    36 |    23 ||   103
         Rapier            |       |       |     1 |    36 |       |       |       |       |       ||    37
         Dagger            |       |       |       |    11 |     1 |       |       |       |       ||    12
         Staff             |       |       |       |       |       |       |     1 |     1 |       ||     2
         Lance             |       |       |       |       |       |       |       |       |   468 ||   468
   Cast: Shock             |    65 |    53 |    41 |    27 |   213 |    11 |       |       |     3 ||   413
         Freeze            |     2 |     7 |     5 |       |       |       |       |       |       ||    14
         Static Discharge  |       |    11 |     4 |    20 |    15 |     6 |     3 |       |       ||    59
         Airstrike         |       |       |   100 |   345 |   551 |   611 |   616 |   503 |   479 ||  3205
         Searing Ray       |       |       |     3 |       |     4 |       |       |       |       ||     7
         Swiftness         |       |       |       |     2 |       |     1 |       |       |       ||     3
         Iskenderun's Batt |       |       |       |       |    39 |     5 |       |       |     1 ||    45
         Summon Cactus Gia |       |       |       |       |    62 |   123 |   143 |   126 |   125 ||   579
         Summon Hydra      |       |       |       |       |       |    87 |   258 |   351 |   352 ||  1048
         Enfeeble          |       |       |       |       |       |       |    66 |   124 |   200 ||   390
         Wereblood         |       |       |       |       |       |       |     1 |     3 |       ||     4
         Yara's Violent Un |       |       |       |       |       |       |     1 |     4 |       ||     5
         Discord           |       |       |       |       |       |       |     1 |    35 |   111 ||   147
         Disjunction       |       |       |       |       |       |       |       |       |    19 ||    19
         Shatter           |       |       |       |       |       |       |       |       |   316 ||   316
 Invoke: Curse Item        |       |       |     2 |     3 |     2 |     2 |     3 |     2 |     3 ||    17
         Shatter the Chain |       |       |       |       |     1 |     2 |     3 |     2 |     1 ||     9
  Evoke: Wand              |       |       |       |       |       |       |       |     1 |     1 ||     2
    Use: Scroll            |       |     7 |     3 |       |       |     2 |     2 |     5 |    16 ||    35
         Potion            |       |       |     3 |       |       |       |       |     1 |     7 ||    11
   Stab: Sleeping          |       |       |     1 |       |       |       |       |       |     3 ||     4
         Invisible         |       |       |       |       |       |       |     6 |     5 |    15 ||    26
         Distracted        |       |       |       |       |       |       |       |     3 |    12 ||    15
 Armour: Robe              |     2 |    14 |    17 |     7 |       |       |       |       |       ||    40
         Troll leather arm |       |       |       |    13 |    40 |    26 |    14 |    17 |    66 ||   176
  Dodge: Dodged            |     4 |     9 |    13 |    60 |    93 |    65 |    62 |   102 |   390 ||   798
  Block: Tower shield      |       |       |       |    86 |   208 |   125 |   165 |   186 |   607 ||  1377

Table legend: (Time is in decaauts)
 A = Elapsed time spent in this place.
 B = Non-inter-level travel time spent in this place.
 C = Inter-level travel time spent in this place.
 D = Time resting spent in this place.
 E = Time spent auto-exploring this place.
 F = Levels seen in this place.
 G = Mean time per level.
                   A        B        C        D        E       F      G
               +--------+--------+--------+--------+--------+-----+--------+
         Total |  78763 |  66103 |  12660 |  11251 |  30276 |  62 | 1270.4 |
       Dungeon |  23383 |  18074 |   5309 |   3181 |  11171 |  15 | 1558.9 |
          Lair |   9552 |   7688 |   1864 |    678 |   4300 |   5 | 1910.4 |
         Swamp |   3197 |   2795 |    402 |    202 |   1560 |   4 |  799.2 |
     Snake Pit |   4082 |   3487 |    595 |    266 |   1372 |   4 | 1020.5 |
    Slime Pits |   4334 |   4072 |    262 |   3271 |    145 |   5 |  866.8 |
  Orcish Mines |   2248 |   1671 |    577 |    293 |    727 |   2 | 1124.0 |
   Elven Halls |   3138 |   2736 |    402 |    125 |   1201 |   3 | 1046.0 |
        Vaults |   9714 |   8291 |   1423 |    537 |   3509 |   5 | 1942.8 |
         Crypt |   4027 |   3670 |    357 |    331 |   1218 |   3 | 1342.3 |
        Depths |   6486 |   5466 |   1020 |    523 |   2208 |   4 | 1621.5 |
          Hell |     60 |     60 |      0 |      0 |      0 |   1 |   60.0 |
           Zot |   6357 |   5912 |    445 |   1508 |   2458 |   5 | 1271.4 |
        Bazaar |    178 |    178 |      0 |      0 |     80 |   2 |   89.0 |
         Trove |    116 |    116 |      0 |      0 |      0 |   1 |  116.0 |
         Sewer |    283 |    283 |      0 |      7 |    186 |   1 |  283.0 |
      Ice Cave |    715 |    715 |      0 |    139 |     55 |   1 |  715.0 |
    Desolation |    884 |    884 |      0 |    189 |     86 |   1 |  884.0 |
               +--------+--------+--------+--------+--------+-----+--------+

Top non-repeatable levels by time:
 Slime:5: 3258 daAuts
Depths:4: 2695 daAuts
     D:2: 2459 daAuts
   Zot:5: 2421 daAuts
    D:10: 2418 daAuts
Vaults:5: 2323 daAuts
  Lair:1: 2307 daAuts
  Lair:2: 2282 daAuts
  Lair:3: 2276 daAuts
Vaults:2: 2079 daAuts
    D:11: 1995 daAuts
    D:12: 1980 daAuts
     D:8: 1929 daAuts
 Crypt:3: 1808 daAuts
Vaults:4: 1798 daAuts
